Map: Heavy Artillery LE

Players

zaadaw

  • Race: Terran Terran

Revy

  • Race: Zerg Zerg

MissGhost - Winner!

  • Race: Protoss Protoss

KrivAS - Winner!

  • Race: Terran Terran

VOD

Have the link to the VOD?

Description

Time

  • Played on: May 3, 2022, 3:32 a.m.
  • Length: 17:43
Show
View Real Time Build Order
Export as new Build Order

zaadaw Terran 

Build Orders:  

Get SALT Encoding   

  12  0:00  SCV  
  13  0:13  Supply Depot  
  13  0:18  SCV  
  14  0:36  Barracks  
  14  0:39  Refinery  
  14  0:40  SCV  
  15  0:53  SCV  
  16  1:05  SCV  
  16  1:08  Barracks  
  17  1:23  Barracks, SCV  
  18  1:35  SCV  
  19  1:47  SCV  
  20  1:55  Marine  
  20  1:59  SCV  
  22  2:12  Barracks Tech Lab  
  22  2:13  Factory, Marine  
  23  2:22  Command Center  
  23  2:31  Orbital Command  
  23  2:42  Supply Depot  
  23  2:48  Supply Depot  
  23  3:04  Marine  
  24  3:07  Siege Tank  
  24  3:08  Refinery  
  24  3:10  Barracks Tech Lab  
  27  3:24  Barracks Reactor  
  27  3:27  SCV  
  28  3:38  SCV  
  28  3:39  SCV  
  30  3:42  Siege Tank  
  30  3:45  Marine  
  34  3:50  SCV  
  35  4:00  Combat Shield  
  35  4:02  Marine x2  
  37  4:03  SCV, Marine  
  39  4:11  Engineering Bay  
  39  4:14  SCV  
  39  4:15  SCV  
  41  4:20  Marine x2  
  41  4:21  Marine  
  44  4:27  SCV x2  
  44  4:28  Starport  
  46  4:39  SCV  
  46  4:42  Siege Tank  
  46  4:43  SCV  
  51  4:51  SCV  
  51  4:52  Supply Depot  
  52  4:54  Supply Depot  
  52  4:55  SCV  
  53  5:03  SCV  
  54  5:07  Orbital Command  
  54  5:11  Starport Reactor  
  54  5:13  Terran Infantry Weapons Level 1  
  54  5:15  SCV  
  54  5:16  Marine x3  
  58  5:27  SCV  
  59  5:33  Marine x2  
  59  5:34  Refinery, Marine  
  62  5:39  SCV  
  62  5:40  Refinery, Siege Tank  
  66  5:47  Medivac x2  
  70  5:52  Stimpack  
  70  5:57  SCV, Marine x2  
  70  6:00  Supply Depot  
  73  6:05  Engineering Bay  
  73  6:06  SCV  
  73  6:09  SCV  
  75  6:18  SCV  
  76  6:21  SCV  
  77  6:43  Terran Infantry Armor Level 1  
  77  6:47  Armory  
  77  6:48  Medivac x2  
  77  6:51  Barracks  
  77  6:52  Siege Tank  
  84  6:55  Marine  
  84  6:56  Marine x2  
  87  7:04  Supply Depot  
  87  7:05  Supply Depot  
  87  7:13  Marine  
  87  7:14  Marine x2  
  90  7:20  Viking x2  
  94  7:31  Marine x3  
  94  7:34  Terran Vehicle Weapons Level 1  
  94  7:35  Terran Infantry Weapons Level 2  
  97  7:49  Marine x3  
  99  8:07  Marine  
  99  8:10  Barracks Reactor  
  99  8:11  Concussive Shells  
  100  8:14  Marine  
  100  8:15  Marine  
  102  8:25  Marauder  
  104  8:32  Marine x2  
  106  8:42  Terran Infantry Armor Level 2  
  106  8:47  Marauder  
  108  8:50  Marine x2  
  110  9:00  Command Center  
  110  9:09  Marine x4  
  116  9:10  Marauder  
  116  9:13  Supply Depot x2  
  116  9:27  Medivac  
  118  9:34  Marauder, Siege Tank, Medivac, Marine x2  
  118  9:35  Terran Vehicle And Ship Armor Level 1  
  118  9:36  Supply Depot  
  118  9:38  Supply Depot  
  127  9:41  Marine  
  127  9:42  Marine  
  129  9:52  Marine x2  
  131  9:56  Marauder  
  131  9:58  Supply Depot  
  131  9:59  Marine  
  134  10:00  Marine  
  135  10:09  Marine x2  
  136  10:17  Marauder, Marine x2  
  140  10:27  Marine x2  
  142  10:35  Marine x2  
  143  10:39  Marauder  
  146  10:55  Terran Infantry Weapons Level 3  
  146  10:59  Terran Infantry Armor Level 3, Marine  
  146  11:00  Viking x2  
  151  11:14  Command Center  
  151  11:23  Supply Depot  
  151  11:25  Supply Depot, Missile Turret  
  151  11:26  Supply Depot  
  151  11:27  Supply Depot, Missile Turret  
  151  11:29  Terran Vehicle Weapons Level 2, Missile Turret x2  
  151  11:30  Viking x2  
  155  11:48  Supply Depot  
  155  12:00  Viking x2  
  159  12:04  Marine x5  
  164  12:22  Marine x5  
  165  12:28  Orbital Command  
  169  12:40  Marine x2  
  170  13:44  Terran Vehicle And Ship Armor Level 2  
  170  13:51  Marine x5  
  170  14:08  Marine  
  170  14:09  Marine x4  
  69  14:26  Marine  
  69  14:27  Marine x4  
  65  14:44  Marine x3  
Show
View Real Time Build Order
Export as new Build Order

Revy Zerg 

Build Orders: Pool First 

Get SALT Encoding   

  12  0:08  Drone  
  12  0:13  Overlord  
  13  0:42  Drone x3  
  16  0:52  Spawning Pool  
  16  0:54  Extractor  
  14  1:11  Hatchery  
  13  1:24  Drone x3  
  16  1:42  Queen  
  18  2:00  Zergling x6  
  21  2:04  Metabolic Boost  
  21  2:35  Overlord x3  
  21  2:43  Extractor  
  20  3:03  Drone x3  
  23  3:09  Lair  
  23  3:20  Zergling x4, Roach Warren  
  23  3:23  Zergling x2  
  25  3:33  Zergling x2  
  26  3:35  Zergling x2  
  27  4:01  Drone x2  
  27  4:02  Drone  
  30  4:08  Roach x3  
  36  4:26  Roach x2  
  40  4:42  Spire  
  39  4:51  Drone x3  
  42  4:56  Overlord  
  42  5:03  Overlord  
  42  5:15  Queen  
  44  5:27  Drone  
  44  5:28  Drone x2  
  47  5:39  Extractor  
  47  5:41  Extractor  
  45  5:58  Corruptor x2  
  49  6:14  Drone x3  
  36  6:41  Queen  
  38  6:53  Roach x3  
  38  6:54  Roach, Corruptor  
  46  6:57  Roach  
  46  7:01  Drone  
  52  7:08  Drone  
  52  7:22  Evolution Chamber  
  52  7:24  Evolution Chamber  
  52  7:26  Evolution Chamber  
  49  7:33  Drone  
  49  7:34  Drone x2  
  49  7:36  Drone  
  53  7:40  Drone  
  54  7:49  Drone x2  
  56  8:01  Drone x2  
  56  8:02  Drone x2  
  60  8:16  Zerg Flyer Weapons Level 1  
  60  8:31  Overlord x2  
  60  8:32  Overlord  
  60  8:47  Hatchery  
  59  8:56  Extractor  
  59  8:57  Extractor  
  57  9:15  Drone  
  57  9:16  Drone x2  
  60  9:24  Corruptor x2  
  60  9:25  Corruptor  
  66  9:34  Drone  
  66  9:35  Drone x2  
  69  9:39  Drone x2  
  69  9:40  Drone  
  69  9:41  Drone  
  70  10:01  Zerg Melee Weapons Level 1, Zerg Missile Weapons Level 1  
  70  10:02  Zerg Ground Armor Level 1  
  70  10:12  Hydralisk Den  
  58  10:56  Hydralisk x6  
  58  10:57  Hydralisk x4  
  66  11:02  Corruptor x3  
  66  11:03  Corruptor  
  86  11:09  Drone x3  
  89  11:39  Infestation Pit, Overlord x3  
  88  11:40  Overlord  
  88  12:09  Grooved Spines  
  88  12:14  Hydralisk x6  
  100  12:19  Overseer  
  100  12:21  Overseer  
  100  12:31  Hydralisk x3  
  100  12:36  Drone  
  100  12:37  Drone x2  
  101  13:08  Overseer  
  101  13:10  Overseer  
  101  13:30  Overlord x2  
  101  13:31  Overlord  
Show
View Real Time Build Order
Export as new Build Order

MissGhost Protoss - Winner!

Build Orders: Carriers 

Get SALT Encoding   

  12  0:00  Probe (Chrono Boost)  
  13  0:12  Probe (Chrono Boost)  
  14  0:17  Probe (Chrono Boost)  
  15  0:30  Pylon  
  15  0:48  Probe  
  15  0:49  Gateway  
  16  0:56  Forge  
  16  1:01  Pylon  
  16  1:04  Probe  
  17  1:09  Assimilator  
  17  1:15  Assimilator  
  17  1:16  Probe  
  18  1:32  Photon Cannon  
  18  1:39  Zealot (Chrono Boost)  
  18  1:40  Cybernetics Core  
  20  2:12  Nexus  
  20  2:27  Probe  
  21  2:33  Pylon  
  21  2:39  Probe  
  22  2:51  Probe  
  22  2:55  Stargate  
  23  3:04  Photon Cannon  
  23  3:07  Probe  
  25  3:20  Probe  
  25  3:29  Shield Battery  
  25  3:30  Photon Cannon  
  25  3:32  Probe  
  25  3:34  Probe  
  27  3:44  Probe  
  27  3:46  Probe  
  29  3:56  Probe  
  29  4:00  Stargate  
  30  4:05  Pylon  
  34  4:18  Void Ray  
  34  4:33  Nexus  
  34  4:37  Probe x2  
  36  4:49  Probe  
  36  4:50  Pylon  
  36  4:52  Probe, Assimilator  
  38  5:01  Probe  
  38  5:04  Probe (Chrono Boost)  
  40  5:13  Void Ray  
  45  5:16  Probe (Chrono Boost)  
  45  5:18  Probe (Chrono Boost)  
  46  5:24  Probe (Chrono Boost)  
  46  5:27  Probe (Chrono Boost)  
  48  5:30  Probe (Chrono Boost)  
  49  5:38  Probe (Chrono Boost), Pylon  
  51  5:42  Probe (Chrono Boost)  
  56  5:50  Probe (Chrono Boost)  
  56  5:51  Probe (Chrono Boost)  
  56  5:53  Void Ray  
  56  5:54  Probe (Chrono Boost)  
  56  5:56  Assimilator  
  58  5:57  Probe  
  58  6:04  Probe  
  60  6:09  Probe, Pylon  
  61  6:13  Probe, Pylon  
  61  6:17  Probe (Chrono Boost)  
  63  6:21  Probe (Chrono Boost)  
  64  6:29  Protoss Shields Level 1 (Chrono Boost)  
  65  6:32  Probe (Chrono Boost)  
  65  6:37  Probe (Chrono Boost)  
  66  6:43  Protoss Air Weapons Level 1 (Chrono Boost)  
  66  6:47  Probe  
  67  6:59  Probe  
  67  7:00  Stargate  
  68  7:02  Stargate  
  68  7:04  Fleet Beacon  
  68  7:06  Photon Cannon  
  68  7:07  Pylon  
  68  7:08  Shield Battery  
  68  7:10  Pylon  
  68  7:16  Pylon x2  
  68  7:18  Pylon  
  68  7:19  Probe, Photon Cannon  
  68  7:22  Void Ray  
  77  7:23  Void Ray, Assimilator  
  77  7:24  Pylon  
  77  7:26  Probe x2  
  77  7:28  Assimilator  
  79  7:31  Probe  
  80  7:38  Probe  
  81  7:50  Cybernetics Core  
  81  7:51  Pylon  
  81  7:55  Pylon  
  93  8:11  Void Ray x4  
  97  8:15  Flux Vanes  
  97  8:36  Protoss Air Armor Level 1 (Chrono Boost)  
  97  8:43  Stargate  
  97  8:48  Carrier x2  
  109  9:13  Carrier  
  115  9:33  Carrier x2  
  127  9:42  Nexus  
  127  9:52  Carrier  
  133  10:02  Tempest  
  130  10:30  Tempest  
  131  10:37  Tempest x2  
  141  10:53  Pylon  
  141  10:54  Pylon  
  141  10:58  Pylon  
  141  11:02  Pylon  
  141  11:07  Assimilator  
  141  11:11  Assimilator  
  141  11:16  Photon Cannon  
  141  11:18  Photon Cannon  
  141  11:19  Photon Cannon  
  141  11:22  Photon Cannon  
  141  11:24  Shield Battery  
  141  11:27  Shield Battery  
  141  11:29  Probe (Chrono Boost)  
  141  11:31  Probe (Chrono Boost), Shield Battery  
  141  11:32  Probe x2 (Chrono Boost)  
  145  11:37  Pylon  
  145  11:41  Probe (Chrono Boost)  
  145  11:42  Pylon  
  145  11:44  Pylon  
  145  11:47  Probe x3 (Chrono Boost)  
  149  11:48  Mothership (Chrono Boost)  
  149  11:53  Tempest x2  
  167  11:54  Robotics Facility  
  167  11:56  Twilight Council  
  167  12:05  Stargate  
  167  12:09  Probe x2  
  167  12:10  Probe  
  170  12:21  Probe x2  
  170  12:22  Probe  
  173  12:33  Carrier x2  
  173  12:34  Probe x3  
  188  12:41  Tempest  
  193  12:46  Probe  
  190  13:09  Tempest x2  
  192  14:18  Carrier  
Show
View Real Time Build Order
Export as new Build Order

KrivAS Terran - Winner!

Build Orders:  

Get SALT Encoding   

  12  0:10  Supply Depot  
  12  0:15  SCV  
  13  0:34  Barracks  
  13  0:36  SCV  
  13  0:41  Refinery  
  14  0:48  SCV  
  15  1:00  SCV  
  15  1:03  Barracks  
  16  1:12  SCV  
  17  1:24  SCV  
  18  1:29  Barracks Tech Lab  
  18  1:34  Barracks  
  18  1:37  SCV  
  19  1:49  SCV  
  19  1:54  Supply Depot  
  20  1:56  Marine x2  
  22  2:05  SCV  
  23  2:15  Marine  
  24  2:24  Marine  
  24  2:25  Marine  
  26  2:31  Combat Shield  
  26  2:33  Marine  
  27  2:45  Command Center  
  27  2:55  Barracks Reactor  
  27  3:02  Barracks Reactor  
  27  3:15  Orbital Command  
  27  3:28  Supply Depot  
  27  3:36  Marine x2  
  27  3:37  Marine  
  30  3:41  Marine  
  31  3:49  SCV, Marine  
  31  3:51  Supply Depot  
  31  3:54  Marine x3  
  36  4:05  Engineering Bay  
  36  4:09  SCV x2  
  38  4:12  Marine x2  
  38  4:14  Marine  
  38  4:16  Marine  
  42  4:21  SCV x2  
  44  4:28  Factory  
  44  4:31  Marine  
  45  4:32  Marine  
  46  4:40  Marine  
  46  4:41  Marine x2  
  46  4:44  SCV  
  50  5:16  SCV  
  50  5:17  SCV, Marine  
  50  5:18  Marine x4  
  57  5:25  Terran Infantry Weapons Level 1  
  57  5:30  Armory  
  57  5:35  Supply Depot, Marine x2  
  57  5:36  Marine x2  
  61  5:56  Marine x2  
  61  5:57  Marine x3  
  63  5:58  Supply Depot  
  66  6:14  Marine x4  
  70  6:19  Marine  
  71  6:32  Marine  
  64  6:36  Marine x3  
  64  6:37  Marine  
  57  6:47  SCV  
  57  6:50  Marine  
  57  6:53  Marine  
  57  6:54  Marine x2  
  59  6:55  Marine  
  62  7:07  Marine  
  63  7:09  Supply Depot  
  63  7:11  Marine x2  
  63  7:12  Marine x2  
  67  7:16  Orbital Command  
  67  7:20  Terran Infantry Armor Level 1  
  67  7:25  Marine  
  67  7:29  Marine x3  
  70  7:30  Marine  
  72  7:43  Marine  
  73  7:47  Marine x3  
  73  7:48  Marine  
  64  8:01  Marine  
  64  8:05  Marine x3  
  59  8:06  Marine  
  61  8:19  Marine  
  62  8:20  Starport  
  62  8:23  Marine x3  
  62  8:24  Marine  
  66  8:37  Marine  
  66  8:40  Marine  
  66  8:41  Marine x3  
  70  8:43  Stimpack  
  71  8:54  Marine  
  72  8:58  Supply Depot, Marine x3  
  72  8:59  Marine  
  76  9:12  Marine  
  76  9:13  Terran Infantry Weapons Level 2  
  76  9:16  Marine x3  
  80  9:17  Marine  
  80  9:20  Factory Reactor  
  81  9:30  Marine  
  82  9:32  Starport Reactor  
  82  9:33  Supply Depot  
  82  9:34  Marine x3  
  82  9:35  Marine  
  86  9:48  Marine  
  86  9:52  Marine x3  
  90  9:53  Marine  
  90  9:56  Supply Depot  
  91  10:06  Marine  
  92  10:09  Marine  
  92  10:10  Marine x2  
  92  10:11  Marine  
  96  10:17  Widow Mine x2  
  100  10:22  Supply Depot  
  100  10:23  Marine  
  100  10:27  Marine x2  
  100  10:28  Marine x2  
  104  10:35  Viking  
  107  10:38  Widow Mine  
  107  10:41  Marine  
  110  10:43  Refinery  
  110  10:44  Widow Mine  
  110  10:45  Marine x2  
  110  10:46  Marine  
  110  10:47  Refinery  
  110  10:48  Marine  
  116  10:57  Supply Depot  
  116  10:59  Widow Mine  
  118  11:08  Marine x5  
  118  11:09  Widow Mine  
  125  11:11  Medivac  
  127  11:20  Supply Depot  
  127  11:21  Widow Mine  
  129  11:26  Marine x5  
  129  11:30  Widow Mine  
  136  11:44  Marine x5  
  141  11:47  Command Center  
  141  12:01  Marine x5  
  146  12:19  Marine x2  
  148  12:30  Marine x2  
  150  12:49  Medivac, Marine x5  
  150  12:50  Medivac  
  159  13:07  Marine x2  
  161  13:19  Medivac  
  163  13:20  Medivac  
  49  14:43  Marine x5  
  49  14:47  Widow Mine x2  
  49  14:50  Viking x2  
  49  15:00  Marine  
  49  15:01  Marine x4  
  49  15:09  Widow Mine x2  
  49  15:18  Marine x2  
  49  15:19  Marine x3  
  49  15:20  Viking x2  
  49  15:30  Widow Mine x2  
  49  15:36  Marine x3  
  49  15:50  Viking x2  
  49  15:51  Widow Mine  
  49  16:20  Viking x2  
Tags
 
Add a new tag
Caveats
  • Supply blocks, unpowered buildings, or Contaminate may cause inaccurate times.
  • Supply counts are checked every 10 seconds.